[Event "Thursday 11 January Rapid Engine Tour 12+1 Rounds 9 Starts 1600 ST"]
[Site "Infinity Chess"]
[Date "2018.1.11"]
[Round "6"]
[White "THE_MACHINE"]
[Black "Susanne"]
[Result "0-1"]
[ECO "B32"]
[WhiteElo "2515"]
[BlackElo "2469"]
[WhiteEngine "Houdini 6"]
[BlackEngine "asmFishW_20_bmi2_CTG"]
[EventType "Swiss"]
[WhiteTeam ""]
[BlackTeam ""]
[PlyCount "172"]
[TimeControl "720+1"]

1. e4 c5 2. Nf3 Nc6 3. d4 cxd4 4. Nxd4 e5 5. Nb5 d6 6. c4 Nf6 7. N5c3 a6 
8. Be2 Be6 9. Be3 g6 10. Nd5 Bxd5 11. cxd5 Nd4 12. Nd2 Bg7 13. O-O O-O 
14. Bd3 Rc8 15. Bg5 Qd7 16. Nb3 Nxb3 17. axb3 Ne8 18. Ra4 f6 19. Be3 f5 
20. exf5 gxf5 21. f3 Nc7 22. Rh4 Kh8 23. b4 Qf7 24. Bf2 Rce8 25. Kh1 Re7 
26. Bc4 Qg6 27. Be3 Bf6 28. Rh6 Qg7 29. Rh3 Bg5 30. Bf2 Qg6 31. Bb6 Rg7 
32. g3 Na8 33. Bg1 Nc7 34. Qc2 f4 35. Qe2 Ne8 36. g4 Nf6 37. Rd1 Qe8 38. b5 axb5 
39. Bxb5 Qd8 40. Qd2 Qc7 41. Ra1 h6 42. Bf2 Rgg8 43. Qd3 Kg7 44. Qb3 Ra8 
45. Rd1 Rgc8 46. Bd3 b5 47. Qb4 Ra6 48. Qe1 Ra2 49. Qb4 Ra4 50. Qxb5 Ra5 
51. Qb4 Rxd5 52. Qe1 Qb7 53. Qe2 Ra8 54. Rc1 Rda5 55. Kg2 Ra2 56. Rc2 Nxg4 
57. Qe4 Qxe4 58. Bxe4 Nxf2 59. Bxa8 Nd1 60. Rc7+ Kf6 61. Bc6 Ne3+ 62. Kg1 d5 
63. Rb7 Ra1+ 64. Kf2 Rc1 65. Rb6 Rc2+ 66. Ke1 Ke7 67. Ba4 Rg2 68. Rb3 Kd6 
69. Rd3 Rxb2 70. Rd2 Rb1+ 71. Ke2 Kc5 72. Be8 Rg1 73. Kf2 Rf1+ 74. Ke2 Kc4 
75. Bf7 Rg1 76. Rh5 Bd8 77. Rxd5 Rg2+ 78. Ke1 Nxd5 79. Rxe5 Bh4+ 80. Kf1 Rf2+ 
81. Kg1 Rd2 82. Rf5 Bf2+ 83. Kg2 Bg3+ 84. Kf1 Bxh2 85. Ke1 Rd4 86. Ke2 Bg3 0-1

[Event "Thursday 11 January Rapid Engine Tour 12+1 Rounds 9 Starts 1600 ST"]
[Site "Infinity Chess"]
[Date "2018.1.11"]
[Round "6"]
[White "Marsell"]
[Black "xeonrocks"]
[Result "1/2-1/2"]
[ECO "C53"]
[WhiteElo "2476"]
[BlackElo "2521"]
[WhiteEngine "asmFishW_2018-01-11_popcnt"]
[BlackEngine "asmFishW_CTG"]
[EventType "Swiss"]
[WhiteTeam ""]
[BlackTeam ""]
[PlyCount "245"]
[TimeControl "720+1"]

1. e4 e5 2. Nf3 Nc6 3. Bc4 Bc5 4. c3 Nf6 5. d3 d6 6. O-O O-O 7. h3 a5 8. Nbd2 h6 
9. Re1 Be6 10. b3 Ba7 11. a4 d5 12. exd5 Nxd5 13. Ne4 Re8 14. Bd2 Nf6 
15. Qe2 Qe7 16. Rab1 Rad8 17. Bb5 Bd5 18. c4 Bxe4 19. dxe4 Rxd2 20. Qxd2 Rd8 
21. Qe2 Nd4 22. Nxd4 Rxd4 23. c5 Bxc5 24. Bd3 g6 25. Qc2 Kg7 26. Rbd1 Rb4 
27. Rb1 Bb6 28. Kh1 c6 29. g3 h5 30. Kg2 h4 31. Red1 Nh7 32. Qe2 Bc5 33. Rd2 Nf6 
34. Rc2 Rd4 35. Rd1 Bb6 36. Rc3 Qd8 37. Rcc1 Nh5 38. Rb1 Qg5 39. Qg4 Qe7 
40. Qe2 Nf6 41. Bc2 Rb4 42. Bd3 Nh5 43. Rdc1 Rd4 44. Rd1 Nf6 45. Ra1 Rb4 
46. Qc2 Nh7 47. Rab1 Ba7 48. Qe2 Qe8 49. Qc2 Bd4 50. Qe2 Ba7 51. Qc2 Nf6 
52. Bc4 Qe7 53. Bd3 Qd6 54. Be2 Qe6 55. Bc4 Qe7 56. Bd3 Qf8 57. Qc3 Bd4 
58. Qd2 b5 59. Qc2 Qa8 60. Rdc1 Qa7 61. Rf1 Qd7 62. Be2 bxa4 63. bxa4 c5 
64. Bb5 Qb7 65. Rxb4 cxb4 66. Qc6 Qxc6 67. Bxc6 b3 68. Kf3 b2 69. Bb5 Kh6 
70. gxh4 Nh5 71. Bc4 f5 72. exf5 gxf5 73. Bd3 e4+ 74. Bxe4 fxe4+ 75. Kxe4 Bc3 
76. Rb1 Kg6 77. Kd3 Bf6 78. Rg1+ Kf5 79. Kc2 Nf4 80. Rg8 Nxh3 81. Ra8 Nxf2 
82. Rxa5+ Ke6 83. Ra6+ Kf5 84. Rb6 Bxh4 85. a5 Ng4 86. a6 Bf2 87. a7 Bxb6 
88. a8=Q Bd4 89. Qf3+ Kg5 90. Qd3 Be5 91. Qd2+ Kh5 92. Qd3 Kh6 93. Qd7 Kg5 
94. Qa7 Kf4 95. Qf7+ Nf6 96. Qf8 Kg4 97. Qh6 Kf3 98. Qh1+ Ke3 99. Qe1+ Kf4 
100. Qf1+ Ke4 101. Qf2 Kd5 102. Qe3 Bd4 103. Qh3 Kc6 104. Qh8 Kd5 105. Qd8+ Kc5 
106. Qc8+ Kd5 107. Qb7+ Ke6 108. Qb4 Be5 109. Qb6+ Kf5 110. Qf2+ Ke4 
111. Qg2+ Kf5 112. Qf3+ Ke6 113. Qc6+ Kf5 114. Qg2 Bd4 115. Qf1+ Ke4 
116. Qh1+ Kf5 117. Qf3+ Ke5 118. Qg3+ Ke4 119. Qe1+ Kd5 120. Qe2 Kc5 
121. Qe7+ Kd5 122. Qe1 Ne4 123. Qa5+ 1/2-1/2

[Event "Thursday 11 January Rapid Engine Tour 12+1 Rounds 9 Starts 1600 ST"]
[Site "Infinity Chess"]
[Date "2018.1.11"]
[Round "6"]
[White "MGR"]
[Black "Harry_Potter"]
[Result "1/2-1/2"]
[ECO "C50"]
[WhiteElo "2484"]
[BlackElo "2524"]
[WhiteEngine "asmFishW_2017-11-19_bmi2"]
[BlackEngine "asmFishW_2018-01-11_bmi2_CTG"]
[EventType "Swiss"]
[WhiteTeam ""]
[BlackTeam ""]
[PlyCount "119"]
[TimeControl "720+1"]

1. e4 e5 2. Nf3 Nc6 3. Bc4 Bc5 4. O-O Nf6 5. d3 d6 6. c3 a5 7. Re1 O-O 
8. Nbd2 h6 9. Nf1 Be6 10. Bb5 Ne7 11. d4 exd4 12. cxd4 Bb6 13. Ng3 Bg4 
14. h3 Bxf3 15. gxf3 Ne8 16. Ba4 c6 17. Bc2 d5 18. e5 f5 19. exf6 Nxf6 
20. Qd3 Rf7 21. Re2 c5 22. dxc5 Bxc5 23. Bd2 Qc7 24. Kg2 Bb4 25. Be3 Bc5 
26. Rae1 Bxe3 27. Rxe3 Rc8 28. R3e2 Qd7 29. Bb1 Rcf8 30. a3 Nc6 31. Qg6 Ne7 
32. Qd3 Nc6 33. Nf5 Rb8 34. Nh4 Re7 35. Ng6 Rxe2 36. Rxe2 Re8 37. h4 Kf7 
38. Re3 Qc7 39. Qd2 Rxe3 40. Qxe3 Nd8 41. f4 Ne6 42. Ne5+ Ke7 43. Ng6+ Kf7 
44. Ne5+ Ke7 45. Bf5 Qd6 46. Bxe6 Qxe6 47. Qc5+ Qd6 48. Ng6+ Kd7 49. Qxa5 Ng4 
50. h5 Nf6 51. Ne5+ Kc8 52. Qc3+ Kb8 53. Qg3 Qc7 54. Qg6 Ka7 55. b4 Ne4 
56. a4 Qc3 57. Qxg7 Qd2 58. Ng4 Qxf4 59. a5 Ng5 60. Ne5 1/2-1/2

[Event "Thursday 11 January Rapid Engine Tour 12+1 Rounds 9 Starts 1600 ST"]
[Site "Infinity Chess"]
[Date "2018.1.11"]
[Round "6"]
[White "Gilgamesch"]
[Black "Wolle"]
[Result "1/2-1/2"]
[ECO "C50"]
[WhiteElo "2506"]
[BlackElo "2468"]
[WhiteEngine "BrainFish_171005_x64_bmi2"]
[BlackEngine "Raubfisch X37a2_CTG"]
[EventType "Swiss"]
[WhiteTeam ""]
[BlackTeam ""]
[PlyCount "234"]
[TimeControl "720+1"]

1. e4 e5 2. Nf3 Nc6 3. Bc4 Bc5 4. O-O Nf6 5. d3 d6 6. c3 a5 7. Re1 O-O 
8. Nbd2 Ng4 9. Re2 Nf6 10. Nf1 Bb6 11. Ng3 Be6 12. Bxe6 fxe6 13. Be3 Bxe3 
14. Rxe3 a4 15. d4 Nd7 16. Qd3 Qf6 17. Rd1 Rf7 18. h3 Nb6 19. Kh2 Rff8 
20. Ree1 Rf7 21. d5 exd5 22. exd5 Ne7 23. Ne4 Qg6 24. c4 h6 25. b4 Raf8 
26. Nfd2 Nd7 27. c5 Nf5 28. a3 Nf6 29. Ng3 Nh4 30. Qxg6 Nxg6 31. Nde4 Rd8 
32. Rd2 Ne7 33. Nxf6+ gxf6 34. Ne4 Nf5 35. f4 Nd4 36. Nc3 Ra8 37. h4 Nb3 
38. Rdd1 Nd4 39. Re3 Kf8 40. Rf1 dxc5 41. fxe5 fxe5 42. Rxf7+ Kxf7 43. bxc5 Ra5 
44. Ne4 b5 45. cxb6 cxb6 46. Nd6+ Kf6 47. Ne8+ Kf7 48. Rxe5 Rc5 49. h5 Nb5 
50. g4 Rc2+ 51. Kg3 Rc3+ 52. Kg2 Rc2+ 53. Kf1 Rd2 54. Kg1 Rd1+ 55. Kf2 Rd3 
56. Kg2 Rd2+ 57. Kg3 Rd3+ 58. Kg2 Rd2+ 59. Kf3 Rd3+ 60. Ke4 Rxa3 61. d6 Ra1 
62. d7 Rd1 63. Rxb5 Rxd7 64. Rxb6 Re7+ 65. Kf5 Rxe8 66. Ra6 Kg7 67. Rxa4 Rf8+ 
68. Ke4 Rf1 69. Ra6 Re1+ 70. Kd4 Rg1 71. Rg6+ Kh7 72. Ke5 Re1+ 73. Kf5 Rf1+ 
74. Ke4 Ra1 75. Kf4 Rf1+ 76. Kg3 Rg1+ 77. Kf2 Ra1 78. Rf6 Ra3 79. Rf4 Kg7 
80. Rf5 Ra1 81. Rf4 Rb1 82. Kg3 Rg1+ 83. Kf2 Ra1 84. Rc4 Rb1 85. Rc6 Ra1 
86. Rb6 Ra3 87. Rb4 Ra1 88. Rb6 Rc1 89. Rg6+ Kh7 90. Rd6 Kg7 91. Rd5 Ra1 
92. Kg3 Rg1+ 93. Kh3 Rh1+ 94. Kg2 Ra1 95. Rf5 Ra3 96. Kf2 Ra4 97. Kg3 Ra1 
98. Rb5 Rg1+ 99. Kf4 Rf1+ 100. Ke3 Re1+ 101. Kf2 Rd1 102. Rb4 Ra1 103. Rb5 Rh1 
104. Rb6 Ra1 105. Rg6+ Kh7 106. Rd6 Kg7 107. Rd2 Kf6 108. Rd5 Kg7 109. Rc5 Ra3 
110. Re5 Kh7 111. Re7+ Kh8 112. Kg2 Rb3 113. Rf7 Ra3 114. g5 hxg5 115. h6 g4 
116. Rb7 Rh3 117. Rg7 Rg3+ 1/2-1/2

[Event "Thursday 11 January Rapid Engine Tour 12+1 Rounds 9 Starts 1600 ST"]
[Site "Infinity Chess"]
[Date "2018.1.11"]
[Round "5"]
[White "SkyPilot"]
[Black "miguello"]
[Result "1/2-1/2"]
[ECO "B06"]
[WhiteElo "2441"]
[BlackElo "2402"]
[WhiteEngine "stockfish_x64_bmi2_2018_01_01_CTG"]
[BlackEngine "asmFishW_2017-11-19_popcnt_CTG"]
[EventType "Swiss"]
[WhiteTeam ""]
[BlackTeam ""]
[PlyCount "91"]
[TimeControl "720+1"]

1. e4 g6 2. d4 Bg7 3. Nc3 d6 4. Nf3 Nf6 5. Be2 O-O 6. O-O c6 7. h3 Nbd7 
8. a4 Qc7 9. Be3 b6 10. Qd2 Bb7 11. Bh6 a6 12. Qe3 e5 13. dxe5 dxe5 14. Bg5 b5 
15. Rad1 Rfe8 16. Bh4 Nf8 17. Rd2 Ne6 18. Rfd1 Rad8 19. Rxd8 Rxd8 20. Rxd8+ Nxd8 
21. Nxe5 Qxe5 22. Qb6 Ne6 23. Bg3 Qd4 24. Qxb7 b4 25. Nd1 Nxe4 26. Bf4 Nxf4 
27. Qb8+ Bf8 28. Qxf4 a5 29. Bd3 f5 30. Ne3 Bd6 31. Qf3 b3 32. Bxe4 fxe4 
33. Qg4 bxc2 34. Nxc2 Qxb2 35. Qe6+ Kg7 36. Qxd6 Qxc2 37. Qe5+ Kh6 38. Qd4 c5 
39. Qf6 Qxa4 40. Qf8+ Kg5 41. Qxc5+ Kh6 42. Qf8+ Kg5 43. Qd8+ Kh6 44. Qf8+ Kg5 
45. Qc5+ Kh6 46. Qf8+ 1/2-1/2

[Event "Thursday 11 January Rapid Engine Tour 12+1 Rounds 9 Starts 1600 ST"]
[Site "Infinity Chess"]
[Date "2018.1.11"]
[Round "5"]
[White "MarioDeMonti"]
[Black "CrossingJordan"]
[Result "1/2-1/2"]
[ECO "C50"]
[WhiteElo "2397"]
[BlackElo "2407"]
[WhiteEngine "stockfish_x64_bmi2_2018_01_01_CTG"]
[BlackEngine "asmFishW_2017-12-20_bmi2_CTG"]
[EventType "Swiss"]
[WhiteTeam ""]
[BlackTeam ""]
[PlyCount "98"]
[TimeControl "720+1"]

1. e4 e5 2. Nf3 Nc6 3. Bc4 Bc5 4. O-O Nf6 5. d3 d6 6. c3 a5 7. Re1 Ba7 
8. Nbd2 O-O 9. h3 Be6 10. Bb5 Ne7 11. d4 Ng6 12. Ba4 Nh5 13. Nf1 Nhf4 
14. Ng3 exd4 15. Nxd4 Bxd4 16. cxd4 d5 17. Qf3 Qh4 18. Bc2 c6 19. Bxf4 Qxf4 
20. Qxf4 Nxf4 21. e5 f6 22. Ne2 fxe5 23. Nxf4 Rxf4 24. Rxe5 Bd7 25. Rd1 Re8 
26. Rxe8+ Bxe8 27. g3 Rf6 28. Re1 Kf7 29. Bxh7 Bd7 30. h4 g6 31. Kg2 Bg4 
32. Re3 Bd1 33. Rd3 Bc2 34. Re3 Bd1 35. f3 Kg7 36. Re7+ Kf8 37. Rxb7 Bxf3+ 
38. Kh3 Rf7 39. Rxf7+ Kxf7 40. h5 Bxh5 41. g4 Kg7 42. gxh5 Kxh7 43. hxg6+ Kxg6 
44. Kg4 Kf6 45. Kf3 Ke6 46. Ke2 Kd6 47. Ke3 c5 48. dxc5+ Kxc5 49. b3 d4+ 1/2-1/2

[Event "Thursday 11 January Rapid Engine Tour 12+1 Rounds 9 Starts 1600 ST"]
[Site "Infinity Chess"]
[Date "2018.1.11"]
[Round "5"]
[White "angriff"]
[Black "Satria_Ungu"]
[Result "1/2-1/2"]
[ECO "C55"]
[WhiteElo "2411"]
[BlackElo "2384"]
[WhiteEngine "SF_64BIT_POPCNT_CTG"]
[BlackEngine "Houdini 6"]
[EventType "Swiss"]
[WhiteTeam ""]
[BlackTeam ""]
[PlyCount "180"]
[TimeControl "720+1"]

1. e4 e5 2. Nf3 Nc6 3. Bc4 Nf6 4. d3 Bc5 5. O-O O-O 6. c3 d6 7. Nbd2 h6 
8. Re1 Bb6 9. h3 Ne7 10. Bb3 Ng6 11. Nc4 Re8 12. Bc2 Be6 13. Nxb6 axb6 14. a3 b5 
15. d4 Bd7 16. Nh2 c5 17. d5 Nh7 18. Be3 Nf4 19. Kh1 Kh8 20. Qd2 Qf6 21. Rg1 g5 
22. Ng4 Qg7 23. f3 h5 24. Nf2 h4 25. Ng4 Nf6 26. Nxf6 Qxf6 27. Qf2 Rf8 
28. Kh2 Qe7 29. Qd2 b6 30. Rgd1 Kg7 31. Rdb1 Ra7 32. Qf2 f6 33. Kg1 Kh8 
34. Kh2 Rg8 35. Qf1 Qh7 36. Re1 Ra5 37. Bd2 Raa8 38. Qf2 Nh5 39. Bd3 Qg6 
40. b3 Rgb8 41. Be3 Ra7 42. Qf1 Qe8 43. Ra2 Ng3 44. Qf2 Kh7 45. Qd2 Kg6 
46. Rea1 Rba8 47. Bf2 Nh5 48. Be3 Nf4 49. Kg1 Ra5 50. Bf1 f5 51. exf5+ Bxf5 
52. c4 bxc4 53. bxc4 Kh5 54. Qb2 R5a6 55. Be2 Qg6 56. a4 Kh6 57. Bd1 R8a7 
58. Qc3 Qf6 59. Bb3 Rf7 60. Bd1 Bg6 61. Ra3 e4 62. Qxf6 Rxf6 63. Bd2 exf3 
64. Bxf3 Bh5 65. Bxh5 Kxh5 66. Re3 Ng6 67. Re8 Ra7 68. Rd8 Re7 69. Re1 Rxe1+ 
70. Bxe1 Ne5 71. Bc3 Kg6 72. Bxe5 dxe5 73. Rg8+ Kf5 74. Kf1 Ke4+ 75. Ke2 Kd4 
76. Rxg5 Kxc4 77. Rxe5 Rg6 78. Kf3 Kd4 79. Re6 Rg3+ 80. Kf2 c4 81. Rxb6 Kxd5 
82. a5 c3 83. Ke2 Rxg2+ 84. Kd1 Kc4 85. a6 Ra2 86. Rc6+ Kd5 87. Rxc3 Rxa6 
88. Rc7 Ra3 89. Rc1 Rxh3 90. Ke2 Rh2+ 1/2-1/2

[Event "Thursday 11 January Rapid Engine Tour 12+1 Rounds 9 Starts 1600 ST"]
[Site "Infinity Chess"]
[Date "2018.1.11"]
[Round "5"]
[White "ocirema"]
[Black "NINJA_JENGKA"]
[Result "1/2-1/2"]
[ECO "C50"]
[WhiteElo "2409"]
[BlackElo "2415"]
[WhiteEngine "stockfish_18010422_x64_modern_CTG"]
[BlackEngine "Houdini 6_CTG"]
[EventType "Swiss"]
[WhiteTeam ""]
[BlackTeam ""]
[PlyCount "133"]
[TimeControl "720+1"]

1. e4 e5 2. Nf3 Nc6 3. Bc4 Bc5 4. O-O Nf6 5. d3 d6 6. c3 a6 7. h3 h6 8. Re1 O-O 
9. a4 a5 10. Na3 Ne7 11. Bd2 Bb6 12. Bb3 c6 13. Nh4 Bc7 14. Rc1 Bd7 15. d4 d5 
16. exd5 e4 17. d6 Bxd6 18. Nc4 Be6 19. Nxd6 Qxd6 20. Bxe6 Qxe6 21. c4 Rfe8 
22. Qb3 Rad8 23. Bc3 Rd7 24. Nf3 Nf5 25. Rcd1 Rd6 26. Ne5 Qe7 27. c5 Re6 
28. Qc2 Qd8 29. Qb3 R8e7 30. Qc2 g6 31. Nc4 Nd5 32. Bxa5 Qe8 33. Bd2 Nxd4 
34. Qc1 Nb3 35. Qc2 Nxc5 36. Nd6 Rxd6 37. Qxc5 Rde6 38. Bxh6 Re5 39. Qc1 R7e6 
40. Bg5 Kh7 41. Rd4 c5 42. Qxc5 e3 43. fxe3 Nf4 44. Qc7 Nxh3+ 45. gxh3 Rxg5+ 
46. Kh1 Kg7 47. Rf4 Re7 48. Qc3+ Kg8 49. a5 Re4 50. Rf3 Rge5 51. Kg1 Qd8 
52. Ref1 Re7 53. Rc1 Re8 54. Qb3 R4e7 55. Rc5 Rc7 56. Qc4 Rxc5 57. Qxc5 Qd1+ 
58. Kg2 Qd2+ 59. Rf2 Qxe3 60. Qxe3 Rxe3 61. b4 Rb3 62. Rf4 Kf8 63. Re4 Rb2+ 
64. Kf3 Rb3+ 65. Kg2 Rb2+ 66. Kf3 Rb3+ 67. Kg2 1/2-1/2

[Event "Thursday 11 January Rapid Engine Tour 12+1 Rounds 9 Starts 1600 ST"]
[Site "Infinity Chess"]
[Date "2018.1.11"]
[Round "5"]
[White "IronMan"]
[Black "KULLANI"]
[Result "1/2-1/2"]
[ECO "A06"]
[WhiteElo "2417"]
[BlackElo "2422"]
[WhiteEngine "Stockfish SL FA PB BMI2"]
[BlackEngine "BrainFish_180106_x64_CTG"]
[EventType "Swiss"]
[WhiteTeam ""]
[BlackTeam ""]
[PlyCount "196"]
[TimeControl "720+1"]

1. Nf3 d5 2. d4 Nf6 3. c4 e6 4. Nc3 c6 5. e3 Nbd7 6. Qc2 Bd6 7. b3 O-O 8. Be2 b6 
9. Bb2 Bb7 10. O-O Qe7 11. Rfe1 h6 12. cxd5 exd5 13. Nh4 g6 14. Bd3 Ne4 
15. Bxe4 dxe4 16. Qxe4 Qxe4 17. Nxe4 Be7 18. Nf3 c5 19. Nc3 cxd4 20. Nxd4 Nc5 
21. Red1 Rfd8 22. h3 Rac8 23. Rd2 Rd7 24. Rad1 Rcd8 25. Nf3 Rxd2 26. Nxd2 f5 
27. Ba3 Bf6 28. Nc4 Rxd1+ 29. Nxd1 Nd3 30. Nd6 Ba6 31. f3 Be5 32. f4 Bxd6 
33. Bxd6 Nc1 34. Nc3 Ne2+ 35. Nxe2 Bxe2 36. Bb8 a6 37. Kf2 Bd3 38. Bc7 b5 
39. Ke1 Kf7 40. Kd2 Bb1 41. Kc3 Ke6 42. h4 Kd5 43. Bd8 Ke4 44. Bb6 Kd5 45. a3 h5 
46. Ba7 Be4 47. g3 Bg2 48. Kb4 Ke4 49. Bb6 Bf1 50. Ka5 Kf3 51. Bd4 Bd3 
52. b4 Kxg3 53. Bf6 Kf3 54. Bg5 Kxe3 55. Kb6 Kd4 56. Kxa6 Bc4 57. Ka5 Kd5 
58. Ka6 Ke4 59. Kb7 Bf1 60. Ka6 Be2 61. Kb6 Bd3 62. Kc5 Be2 63. Kd6 Kd4 
64. Bf6+ Ke4 65. Bg5 Bd1 66. Ke6 Kd4 67. Ke7 Bg4 68. Kd6 Kc4 69. Kd7 Bf3 
70. Ke7 Bd1 71. Kf6 Kb3 72. Kxg6 Bg4 73. Bf6 Kxa3 74. Bc3 Ka4 75. Kg5 Kb3 
76. Bd2 Kc4 77. Be1 Kd3 78. Bf2 Ke4 79. Be1 Kf3 80. Bd2 Ke4 81. Bc3 Bd1 
82. Bh8 Be2 83. Ba1 Bd1 84. Bb2 Be2 85. Ba1 Bd1 86. Bh8 Bc2 87. Kxh5 Kxf4 
88. Bf6 Bd1+ 89. Kg6 Kg4 90. h5 f4 91. h6 Bc2+ 92. Kg7 f3 93. Bd4 Kg3 94. Kf6 f2 
95. Bxf2+ Kxf2 96. Ke6 Bb1 97. Kd5 Bd3 98. Kc6 Ke3 1/2-1/2

[Event "Thursday 11 January Rapid Engine Tour 12+1 Rounds 9 Starts 1600 ST"]
[Site "Infinity Chess"]
[Date "2018.1.11"]
[Round "5"]
[White "KillBill2017"]
[Black "Klaus"]
[Result "1/2-1/2"]
[ECO "C50"]
[WhiteElo "2422"]
[BlackElo "2421"]
[WhiteEngine "Raubfisch ME262_GTZ16b1._CTG"]
[BlackEngine "asmFishW_2017-11-19_bmi2_CTG"]
[EventType "Swiss"]
[WhiteTeam ""]
[BlackTeam ""]
[PlyCount "120"]
[TimeControl "720+1"]

1. e4 e5 2. Nf3 Nc6 3. Bc4 Bc5 4. O-O Nf6 5. d3 d6 6. c3 O-O 7. Nbd2 a5 8. h3 h6 
9. Re1 Be6 10. b3 Bb6 11. a4 d5 12. Bb5 Ne7 13. exd5 Nfxd5 14. Qc2 c6 
15. Bc4 Ng6 16. d4 Ndf4 17. dxe5 Nh4 18. Bf1 Bd5 19. Re4 Nfg6 20. Bc4 Bxe4 
21. Qxe4 Nxf3+ 22. Nxf3 Qd1+ 23. Kh2 Kh8 24. Bb2 f5 25. Qxc6 bxc6 26. Rxd1 Rfd8 
27. Rxd8+ Rxd8 28. Bf7 Ne7 29. Ba3 c5 30. b4 axb4 31. cxb4 Rd3 32. bxc5 Ba7 
33. Bb4 Nc6 34. Bd2 Bxc5 35. Bc4 Ra3 36. Bb5 Ne7 37. h4 Kh7 38. h5 g5 
39. hxg6+ Nxg6 40. Be1 Kg7 41. Bd7 f4 42. a5 Ne7 43. Kh3 h5 44. Kh2 Ra2 
45. Be6 Ra1 46. Bc3 Ra3 47. Be1 Kg6 48. Nh4+ Kg5 49. Nf3+ Kg6 50. Nh4+ Kg5 
51. Nf3+ Kh6 52. Bc4 Nc6 53. a6 Kg6 54. Bb5 Nb4 55. Nd4 Nxa6 56. Nc2 Ra2 
57. Bc4 Ra4 58. Bb5 Ra2 59. Bc4 Ra4 60. Bb5 Ra2 1/2-1/2

[Event "Thursday 11 January Rapid Engine Tour 12+1 Rounds 9 Starts 1600 ST"]
[Site "Infinity Chess"]
[Date "2018.1.11"]
[Round "5"]
[White "CrapCleaner"]
[Black "RonWeasley"]
[Result "1/2-1/2 "]
[ECO "C11"]
[WhiteElo "2424"]
[BlackElo "2431"]
[WhiteEngine "Raubfisch X37b1._zag_CTG"]
[BlackEngine "BrainFish 060118_CTG"]
[EventType "Swiss"]
[WhiteTeam ""]
[BlackTeam ""]
[PlyCount "121"]
[TimeControl "720+1"]

1. e4 e6 2. d4 d5 3. Nc3 Nf6 4. e5 Nfd7 5. f4 c5 6. Nf3 Nc6 7. Be3 cxd4 
8. Nxd4 Qb6 9. Na4 Qa5+ 10. Nc3 Qb6 11. Qd2 Qxb2 12. Rb1 Qa3 13. Bb5 Nxd4 
14. Bxd4 a6 15. Bxd7+ Bxd7 16. Rb3 Qe7 17. Rxb7 Rc8 18. O-O Qd8 19. f5 exf5 
20. Qd3 Bc5 21. Bxc5 Rxc5 22. Nxd5 Bc8 23. Re7+ Kf8 24. Qa3 Qa5 25. Qxa5 Rxa5 
26. Rc7 Be6 27. Nf4 Rxe5 28. Nxe6+ Rxe6 29. Rxf5 Re7 30. Rc8+ Re8 31. Rc7 Re7 
32. Rc8+ Re8 33. Rfc5 Ke7 34. R8c6 g6 35. Rxa6 Rc8 36. Re5+ Kf8 37. Re2 Kg7 
38. Kf2 Rc5 39. Ke1 Rb8 40. Kd2 Rb1 41. Ra4 Rc7 42. a3 Ra1 43. c4 Ra2+ 
44. Ke1 Ra1+ 45. Kf2 Rc1 46. Ra2 Kf6 47. Ke3 Ke5 48. Kd2 R7xc4 49. Rxc4 Rxc4 
50. a4 Rc7 51. a5 Kd4 52. Ke2 Ra7 53. a6 f6 54. g4 Re7+ 55. Kf3 Ra7 56. h3 Kc4 
57. Ke4 Re7+ 58. Kf4 Ra7 59. h4 Kc5 60. g5 f5 61. h5 1/2-1/2

[Event "Thursday 11 January Rapid Engine Tour 12+1 Rounds 9 Starts 1600 ST"]
[Site "Infinity Chess"]
[Date "2018.1.11"]
[Round "5"]
[White "Dovahkiin"]
[Black "Prometheus"]
[Result "1/2-1/2"]
[ECO "A00"]
[WhiteElo "2441"]
[BlackElo "2428"]
[WhiteEngine "BrainFish_180106_x64_modern_CTG"]
[BlackEngine "Eman 1.58-64bit-IDeA"]
[EventType "Swiss"]
[WhiteTeam ""]
[BlackTeam ""]
[PlyCount "147"]
[TimeControl "720+1"]

1. e3 e5 2. e4 Nf6 3. Nc3 Bb4 4. a3 Ba5 5. Nf3 O-O 6. Be2 Re8 7. b4 Bb6 
8. O-O h6 9. Bb2 d6 10. d4 exd4 11. Nxd4 Nxe4 12. Nd5 Bd7 13. Re1 Nc6 
14. Nxb6 axb6 15. Bd3 d5 16. Nb5 Ne5 17. Bxe4 dxe4 18. Rxe4 Bxb5 19. Rxe5 c5 
20. Qg4 Rxe5 21. Bxe5 f6 22. Qe6+ Kh8 23. Bd6 c4 24. f3 Ba4 25. c3 Bc6 
26. Kf2 b5 27. h3 Ra6 28. Qe7 Qc8 29. Qf8+ Qxf8 30. Bxf8 Kg8 31. Bc5 h5 
32. h4 Kf7 33. g4 Ra8 34. Kg3 Re8 35. gxh5 Re5 36. h6 gxh6 37. Bd4 Re2 
38. h5 Ke7 39. Rg1 Rd2 40. Rh1 Rd3 41. Re1+ Kf7 42. Re3 Rd1 43. Bc5 Rd3 
44. Re7+ Kg8 45. Re3 Rxe3 46. Bxe3 Kh7 47. Bd4 Be8 48. Bxf6 Bxh5 49. Kf4 Bg6 
50. Ke5 Bd3 51. Kd6 Bg6 52. Be7 Bh5 53. f4 Bg4 54. Kc5 Bd7 55. f5 Kg7 
56. f6+ Kg6 57. Kd6 Be8 58. Ke5 Bf7 59. Bd8 h5 60. Kd6 h4 61. Ke7 Bd5 62. Bc7 h3 
63. Bf4 Bf7 64. Bc7 Bd5 65. Bf4 Bf7 66. Bh2 b6 67. Bg3 Bg8 68. Bh2 Bd5 
69. Kd6 Bf7 70. Ke7 Bg8 71. Bc7 Bf7 72. Bg3 Bd5 73. Bh2 Bf7 74. Bg3 1/2-1/2

[Event "Thursday 11 January Rapid Engine Tour 12+1 Rounds 9 Starts 1600 ST"]
[Site "Infinity Chess"]
[Date "2018.1.11"]
[Round "5"]
[White "hafaba"]
[Black "Susanne"]
[Result "1/2-1/2"]
[ECO "A06"]
[WhiteElo "2441"]
[BlackElo "2470"]
[WhiteEngine "Stockfish SL 07012018 POPCNT_CTG"]
[BlackEngine "asmFishW_20_bmi2_CTG"]
[EventType "Swiss"]
[WhiteTeam ""]
[BlackTeam ""]
[PlyCount "52"]
[TimeControl "720+1"]

1. Nf3 d5 2. d4 Nf6 3. c4 e6 4. Nc3 c6 5. e3 Nbd7 6. Qc2 Bd6 7. Bd3 dxc4 
8. Bxc4 O-O 9. O-O a6 10. Rd1 b5 11. Be2 Qc7 12. Ne4 Nxe4 13. Qxe4 Bb7 
14. Qh4 c5 15. b3 c4 16. bxc4 bxc4 17. Bd2 Ba3 18. Bc3 Nf6 19. d5 Nxd5 
20. Rxd5 Bxd5 21. Bxg7 Kxg7 22. Qg5+ Kh8 23. Qf6+ Kg8 24. Qg5+ Kh8 25. Qf6+ Kg8 
26. Qg5+ Kh8 1/2-1/2

[Event "Thursday 11 January Rapid Engine Tour 12+1 Rounds 9 Starts 1600 ST"]
[Site "Infinity Chess"]
[Date "2018.1.11"]
[Round "5"]
[White "Marsell"]
[Black "Vimtiroba"]
[Result "1/2-1/2"]
[ECO "C53"]
[WhiteElo "2477"]
[BlackElo "2464"]
[WhiteEngine "asmFishW_2018-01-11_popcnt"]
[BlackEngine "AsmFish@J10V2_CTG"]
[EventType "Swiss"]
[WhiteTeam ""]
[BlackTeam ""]
[PlyCount "64"]
[TimeControl "720+1"]

1. e4 e5 2. Nf3 Nc6 3. Bc4 Bc5 4. c3 Nf6 5. d3 d6 6. O-O O-O 7. h3 a5 8. Nbd2 h6 
9. Re1 Be6 10. b3 Bb6 11. a4 d5 12. Bb5 Ne7 13. exd5 Nfxd5 14. Qc2 c6 
15. Bc4 Re8 16. Nxe5 Ng6 17. d4 Nxe5 18. Rxe5 Bc7 19. Bxd5 cxd5 20. Re3 Bd7 
21. Nf3 Qf6 22. Qe2 Rxe3 23. Bxe3 Qg6 24. Kf1 Re8 25. Rc1 Bb8 26. Ne1 Bd6 
27. Ra1 Rc8 28. Bd2 Bh2 29. Qe7 Qa6+ 30. Qe2 Qg6 31. Nf3 Bd6 32. Ne1 Bh2 1/2-1/2

[Event "Thursday 11 January Rapid Engine Tour 12+1 Rounds 9 Starts 1600 ST"]
[Site "Infinity Chess"]
[Date "2018.1.11"]
[Round "5"]
[White "xeonrocks"]
[Black "MGR"]
[Result "1/2-1/2"]
[ECO "C50"]
[WhiteElo "2523"]
[BlackElo "2482"]
[WhiteEngine "asmFishW_CTG"]
[BlackEngine "Raubfisch ME262_GTZ16b2"]
[EventType "Swiss"]
[WhiteTeam ""]
[BlackTeam ""]
[PlyCount "119"]
[TimeControl "720+1"]

1. e4 e5 2. Nf3 Nc6 3. Bc4 Bc5 4. O-O Nf6 5. d3 d6 6. c3 O-O 7. h3 a5 
8. Nbd2 Be6 9. Bb5 h6 10. Re1 Qb8 11. Nf1 Qa7 12. Re2 a4 13. Ng3 Qa5 
14. Bxc6 bxc6 15. Nh4 Rfe8 16. Re1 d5 17. exd5 cxd5 18. Rxe5 Bf8 19. Qc2 c5 
20. Bd2 c4 21. Re3 Qb6 22. Nf3 Bd6 23. Nd4 cxd3 24. Rxd3 Ne4 25. Nh5 Qc7 
26. Be3 Bd7 27. Re1 Rab8 28. a3 Bh2+ 29. Kh1 Bd6 30. Re2 Be5 31. f3 Nc5 
32. Rd1 g6 33. f4 Bh8 34. Ng3 Bf6 35. Kg1 h5 36. Qd2 Rb7 37. Nf1 Ne4 38. Qc2 Qb8 
39. Qc1 Nd6 40. Rf2 Bh8 41. f5 Bxf5 42. Nc6 Qc8 43. Nb4 Ne4 44. Re2 Kh7 
45. Ree1 Bxh3 46. gxh3 d4 47. Bxd4 Rb5 48. Ne3 Bxd4 49. cxd4 Qxh3 50. Ng2 Rg5 
51. Qc2 f5 52. Re2 f4 53. Qc7+ Kh6 54. Qxf4 Nc3 55. bxc3 Rxe2 56. Qf8+ Kh7 
57. Qf7+ Kh6 58. Qf8+ Kh7 59. Qf7+ Kh6 60. Qf8+ 1/2-1/2